Map: Abyssal Reef LE

Players

Serral - Winner!

  • Race: Zerg Zerg
  • Spawn Location: 5:00

Cloudy

  • Race: Protoss Protoss
  • Spawn Location: 11:00

Event: WCS Valencia 2017

VOD

Have the link to the VOD?

Description

Time

  • Played on: July 14, 2017, 5:29 a.m.
  • Length: 12:56

All games in this series

Show
View Real Time Build Order
Export as new Build Order

Serral Zerg - Winner!

Build Orders: Hatch First 

Get SALT Encoding   

  12  0:01  Drone  
  13  0:13  Overlord  
  13  0:17  Drone  
  14  0:31  Drone x2  
  17  0:35  Drone  
  17  0:53  Hatchery  
  17  0:55  Drone  
  17  0:58  Drone  
  18  1:08  Extractor  
  17  1:13  Spawning Pool  
  17  1:16  Drone  
  17  1:19  Drone  
  18  1:28  Drone  
  19  1:38  Overlord  
  19  1:51  Drone  
  20  1:59  Queen  
  20  2:00  Zergling x2  
  23  2:04  Queen  
  23  2:05  Zergling x2  
  23  2:08  Metabolic Boost  
  26  2:13  Drone  
  27  2:15  Drone  
  27  2:22  Drone  
  29  2:27  Drone  
  30  2:33  Drone  
  31  2:41  Hatchery  
  31  2:43  Drone  
  31  2:44  Drone  
  31  2:48  Drone  
  33  2:54  Queen  
  35  2:59  Overlord  
  35  3:01  Drone  
  36  3:10  Overlord  
  36  3:16  Overlord  
  36  3:20  Zergling x2  
  36  3:21  Drone x5  
  42  3:27  Drone  
  42  3:30  Queen  
  42  3:33  Drone  
  46  3:37  Drone  
  47  3:43  Spore Crawler, Drone x4  
  47  3:46  Spore Crawler  
  48  3:51  Drone  
  48  3:52  Drone  
  48  3:55  Queen  
  52  3:57  Drone  
  52  4:01  Drone x2  
  55  4:06  Evolution Chamber  
  55  4:08  Overlord  
  54  4:14  Zergling x4  
  54  4:15  Spore Crawler, Drone  
  56  4:17  Drone  
  56  4:18  Drone  
  56  4:21  Overlord  
  56  4:23  Drone x2  
  60  4:30  Overlord  
  60  4:32  Zergling x6  
  60  4:36  Zerg Melee Weapons Level 1  
  63  4:40  Zergling x4  
  63  4:41  Zergling x2  
  66  4:46  Drone  
  66  4:50  Zergling x4  
  66  4:51  Overlord  
  66  4:52  Drone x4  
  71  5:03  Drone x3  
  73  5:08  Drone  
  73  5:12  Drone x3  
  75  5:14  Lair  
  75  5:16  Extractor  
  75  5:18  Extractor  
  75  5:19  Extractor  
  75  5:20  Hatchery, Zergling x8  
  75  5:21  Baneling Nest  
  75  5:22  Drone  
  75  5:23  Drone  
  75  5:24  Drone  
  75  5:25  Drone  
  75  5:27  Overlord  
  75  5:28  Drone  
  79  5:31  Extractor, Drone  
  79  5:36  Overlord  
  79  5:37  Drone  
  79  5:40  Drone  
  81  5:46  Drone x3  
  81  5:49  Overlord  
  84  5:51  Drone  
  84  5:52  Drone x2  
  87  6:01  Drone x3  
  87  6:02  Drone x2  
  87  6:04  Overlord  
  92  6:06  Extractor  
  91  6:12  Centrifical Hooks  
  91  6:13  Hatchery, Hydralisk Den  
  91  6:16  Drone x3  
  89  6:19  Drone  
  89  6:22  Drone x2  
  89  6:23  Drone x4  
  96  6:30  Drone x4  
  96  6:32  Zerg Melee Weapons Level 2  
  100  6:34  Queen  
  100  6:36  Spore Crawler  
  100  6:37  Overlord  
  100  6:38  Pneumatized Carapace  
  101  6:44  Hydralisk x3  
  101  6:46  Overseer  
  107  6:51  Hydralisk x2  
  111  6:54  Overlord  
  111  6:55  Overlord  
  111  7:00  Hydralisk x3  
  116  7:07  Hydralisk x4  
  124  7:18  Hydralisk x6  
  124  7:21  Hydralisk x2  
  140  7:24  Drone  
  140  7:29  Zergling x10  
  148  7:30  Zergling x4  
  148  7:35  Overlord x2  
  148  7:36  Overlord  
  148  7:40  Overlord  
  148  7:41  Overlord  
  148  7:48  Overlord x3  
  148  7:53  Overlord x2  
  148  7:55  Zergling x10  
  148  7:57  Baneling  
  148  7:58  Baneling x3  
  153  7:59  Baneling x6  
  153  8:00  Baneling  
  153  8:03  Baneling x7  
  153  8:09  Hatchery  
  152  8:13  Zergling x10  
  157  8:26  Zergling x28  
  167  8:33  Baneling x6  
  164  8:43  Zergling x26  
  164  8:44  Zergling x6  
  163  8:56  Baneling x13  
  163  8:57  Baneling x3  
  163  8:59  Drone x2  
  163  9:01  Infestation Pit  
  156  9:11  Hydralisk x2  
  156  9:12  Hydralisk x3  
  156  9:13  Zergling x22  
  134  9:27  Hydralisk x3  
  134  9:28  Zergling x14  
  146  9:33  Baneling x14  
  144  9:42  Queen  
  144  9:43  Drone x2  
  144  9:44  Zergling x10  
  144  9:45  Zergling x10  
  157  9:51  Baneling x3  
  157  9:52  Baneling x6  
  156  9:55  Zerg Missile Weapons Level 1  
  156  9:58  Zergling x14  
  163  10:02  Baneling x5  
  163  10:03  Baneling x5  
  159  10:12  Zergling x2  
  159  10:13  Zergling x20  
  155  10:18  Baneling x13  
  152  10:25  Zergling x4  
  152  10:26  Zergling x14  
  141  10:36  Hydralisk x3  
  141  10:37  Hydralisk, Zergling x2  
  141  10:38  Zergling x6  
  141  10:39  Zergling x6  
  155  10:44  Baneling  
  155  10:45  Baneling x9  
  156  10:50  Zergling x12  
  156  10:55  Zergling x2  
  156  10:56  Zergling x12  
  168  11:03  Baneling x11  
  168  11:10  Baneling x4  
  168  11:18  Queen  
  165  11:25  Baneling x9, Zergling x2  
  164  11:26  Zergling x30  
  149  11:50  Zergling x2  
  149  11:51  Zergling x46  
  149  11:54  Baneling x12  
  165  12:08  Zergling x26  
  151  12:19  Hydralisk x5  
  151  12:20  Zergling x2  
  136  12:30  Hydralisk x3  
  136  12:31  Zergling x12  
  136  12:32  Zergling x4  
  136  12:34  Zergling x4  
Show
View Real Time Build Order
Export as new Build Order

Cloudy Protoss 

Build Orders: 1 Gate Expand, Oracle Opening 

Get SALT Encoding   

  12  0:01  Probe (Chrono Boost)  
  13  0:12  Probe (Chrono Boost)  
  14  0:18  Pylon  
  14  0:22  Probe (Chrono Boost)  
  15  0:36  Probe (Chrono Boost)  
  15  0:40  Gateway  
  16  0:44  Assimilator  
  16  0:47  Probe (Chrono Boost)  
  17  0:58  Probe (Chrono Boost)  
  18  1:08  Probe (Chrono Boost)  
  19  1:22  Nexus  
  19  1:33  Cybernetics Core  
  19  1:36  Probe (Chrono Boost)  
  20  1:46  Assimilator  
  21  1:47  Probe (Chrono Boost)  
  21  1:51  Pylon  
  21  1:57  Probe (Chrono Boost)  
  22  2:08  Probe (Chrono Boost)  
  23  2:10  Adept (Chrono Boost)  
  23  2:11  Warp Gate  
  25  2:19  Probe  
  26  2:31  Probe  
  26  2:35  Probe  
  26  2:36  Stargate, Adept (Chrono Boost)  
  29  2:43  Probe  
  31  2:46  Probe (Chrono Boost)  
  32  2:55  Probe (Chrono Boost)  
  32  2:58  Probe (Chrono Boost)  
  34  3:07  Probe (Chrono Boost)  
  34  3:09  Probe (Chrono Boost)  
  36  3:12  Gateway  
  36  3:17  Probe (Chrono Boost)  
  36  3:18  Probe (Chrono Boost)  
  38  3:22  Gateway  
  38  3:23  Oracle (Chrono Boost)  
  41  3:28  Pylon, Probe  
  41  3:31  Probe  
  43  3:36  Adept  
  43  3:40  Probe  
  46  3:42  Pylon  
  46  3:44  Probe  
  47  3:53  Probe  
  47  3:54  Oracle (Chrono Boost)  
  47  3:55  Probe  
  52  4:05  Probe x2  
  54  4:14  Pylon  
  54  4:20  Adept x3  
  60  4:24  Nexus  
  60  4:27  Pylon  
  60  4:29  Mothership Core  
  62  4:35  Probe  
  62  4:36  Phoenix (Chrono Boost)  
  65  4:41  Adept x2  
  69  4:46  Probe  
  69  4:51  Probe  
  69  4:52  Assimilator  
  71  4:55  Assimilator  
  71  4:56  Probe  
  72  5:03  Probe  
  72  5:04  Sentry  
  75  5:07  Probe  
  76  5:15  Probe, Robotics Facility  
  76  5:17  Probe  
  78  5:22  Forge  
  78  5:30  Pylon  
  78  5:35  Probe  
  78  5:36  Probe  
  78  5:38  Probe  
  81  5:44  Gateway  
  81  5:45  Probe, Sentry, Gateway  
  81  5:48  Probe x2  
  81  5:49  Zealot, Gateway, Protoss Ground Weapons Level 1 (Chrono Boost)  
  87  5:56  Probe, Twilight Council  
  88  5:59  Probe  
  88  6:00  Probe  
  88  6:02  Warp Prism (Chrono Boost)  
  93  6:08  Probe  
  93  6:09  Probe, Assimilator  
  95  6:12  Probe  
  95  6:13  Assimilator  
  96  6:20  Probe  
  96  6:21  Probe  
  96  6:24  Probe  
  99  6:26  Gateway  
  99  6:29  Gateway  
  99  6:30  Probe  
  100  6:32  Charge (Chrono Boost)  
  100  6:33  Probe  
  100  6:36  Templar Archives  
  100  6:37  Observer, Pylon  
  101  6:40  Pylon  
  101  6:41  Pylon  
  101  6:47  Photon Cannon  
  101  6:52  Pylon  
  101  6:55  Probe x2  
  103  7:03  Immortal  
  103  7:04  Probe  
  103  7:07  Probe x2  
  110  7:11  Robotics Facility  
  110  7:12  Nexus, Psionic Storm  
  110  7:15  High Templar x3  
  114  7:20  Pylon  
  116  7:22  Pylon  
  116  7:35  Pylon  
  116  7:37  High Templar  
  116  7:39  Pylon  
  118  7:44  Gateway  
  118  7:45  Photon Cannon, Gateway  
  118  7:48  Photon Cannon  
  118  7:50  Immortal (Chrono Boost)  
  118  7:53  Photon Cannon, Sentry  
  118  7:57  Zealot  
  126  8:06  Photon Cannon  
  126  8:07  Photon Cannon  
  126  8:09  High Templar x2  
  126  8:11  Photon Cannon  
  130  8:15  Immortal (Chrono Boost)  
  130  8:17  Assimilator  
  134  8:22  Assimilator  
  134  8:25  Immortal  
  134  8:28  Zealot x6  
  145  8:46  Zealot x3  
  145  8:48  Probe  
  133  8:49  Probe x3  
  133  8:54  Immortal  
  141  8:58  Photon Cannon, Probe  
  141  8:59  Pylon  
  141  9:01  Probe x3  
  145  9:09  Probe  
  137  9:10  Archon  
  137  9:11  Archon  
  137  9:13  Zealot x4  
  125  9:19  Probe  
  125  9:20  Probe x3  
  117  9:29  High Templar x2  
  117  9:30  High Templar x2  
  125  9:32  Probe, Immortal  
  125  9:37  Immortal  
  134  9:41  Zealot x2  
  138  9:48  High Templar x2  
  142  9:58  Probe x2  
  144  10:02  Photon Cannon  
  144  10:04  Pylon, Gateway  
  144  10:06  Assimilator  
  144  10:09  Zealot x4  
  138  10:18  Zealot x4  
  128  10:26  Zealot  
  128  10:35  Immortal  
  124  10:38  Zealot x6, Archon  
  124  10:39  Zealot x2  
  124  10:42  Pylon  
  140  10:43  Mothership Core  
  140  10:47  Probe  
  140  10:48  Probe x2  
  145  10:59  Zealot x6  
  157  11:07  Zealot, Sentry  
  157  11:10  Photon Cannon  
  157  11:11  Photon Cannon  
  159  11:20  High Templar  
  159  11:21  High Templar x5  
  159  11:27  Archon  
  159  11:28  Archon  
  145  11:45  Zealot x2  
  114  11:48  Immortal  
  114  11:53  Immortal  
  109  11:55  Zealot x6  
  112  12:02  Fleet Beacon  
  112  12:08  High Templar x2  
  98  12:16  Zealot x6, Archon  
  98  12:17  Gateway  
  98  12:18  Probe  
  98  12:19  Probe x2  
  98  12:20  Gateway  
  98  12:22  Pylon  
  59  12:38  High Templar x3  
  59  12:39  High Templar x2  
  59  12:42  High Templar  
  59  12:43  High Templar x2  
  67  12:44  Archon  
  67  12:45  Archon  
  67  12:47  Archon  
Tags
 
Add a new tag
Caveats
  • Supply blocks, unpowered buildings, or Contaminate may cause inaccurate times.
  • Supply counts are checked every 10 seconds.